 Dungeon Crawl Stone Soup version 0.28-a0-1206-g193881aaa2 (webtiles) character file.

Game seed: 11892233593372391568

49 sanka the Slasher (level 3, -6/31 HPs)
             Began as a Palentonga Abyssal Knight on Dec 20, 2021.
             Was a Believer of Lugonu.
             Mangled by Terence (8 damage)
             ... on level 3 of the Dungeon.
             The game lasted 00:03:20 (1907 turns).

sanka the Slasher (Palentonga Abyssal Knight)       Turns: 1907, Time: 00:03:21

Health: -6/31      AC:  4    Str: 18    XL:     3   Next: 53%
Magic:  4/4        EV:  9    Int: 10    God:    Lugonu [**....]
Gold:   84         SH:  0    Dex: 16    Spells: 2/2 levels left

rFire   . . .      SeeInvis +   a - +1 falchion
rCold   . . .      Faith    .   (no shield)
rNeg    . . .      Spirit   .   b - +0 leather armour
rPois   .          Reflect  .   (no helmet)
rElec   .          Harm     .   (no cloak)
rCorr   +          Rampage  .   (no gloves)
Will    .....                   (no barding)
Stlth   +.........              (no amulet)
HPRegen 0.10/turn               m - ring of resist corrosion
MPRegen 0.09/turn               j - +6 ring of dexterity

@: no status effects
A: large, rugged brown scales 3, see invisible, deformed body, roll 1, armoured
tail
a: Rolling Charge, Renounce Religion, Depart the Abyss, Bend Space


You were on level 3 of the Dungeon.
You worshipped Lugonu.
Lugonu was pleased with you.
You visited 1 branch of the dungeon, and saw 3 of its levels.
You visited the Abyss 1 time.

You collected 84 gold pieces.


Innate Abilities, Weirdness & Mutations

You are completely covered in rugged brown scales. (AC +3, +7% HP)
You have supernaturally acute eyesight. (SInv)
Armour fits poorly on your strangely shaped body.
You can roll at nearby foes to attack.
You have a long armoured tail.


   Skills:
 - Level 3.0 Fighting
 + Level 4.0 Long Blades
 - Level 1.5 Armour
 - Level 0.7 Dodging
 - Level 2.0 Invocations


You had 2 spell levels left.
You didn't know any spells.
Your spell library was empty.

Inventory:

Hand Weapons
 a - a +1 falchion (weapon)
Armour
 b - a +0 leather armour (worn)
Jewellery
 j - a +6 ring of dexterity (right hand)
 m - a ring of resist corrosion (left hand)
Wands
 k - a wand of iceblast (9)
Scrolls
 c - a scroll of acquirement {unknown}
 d - 3 scrolls of noise {unknown}
 e - 2 scrolls of identify {unknown}
 f - a scroll of fog {unknown}
 g - 2 scrolls of enchant armour {unknown}
 h - a scroll of vulnerability {unknown}
 l - a scroll of magic mapping {unknown}
 n - 2 scrolls of teleportation {unknown}
Potions
 i - a potion of mutation {unknown}

Dungeon Overview and Level Annotations

Branches:
Dungeon (3/15)

Altars:

Annotations:
D:3 Terence

▒. ▒. ▒. ▒. .. ▒. ..
▒▒▒▒▒.▒▒▒▒▒.▒.▒
▒▒.▒▒......H@.....▒
...▒.▒▒▒▒.▒▒▒▒.▒..
▒..▒.▒ ▒.▒ ▒..▒.▒
▒.▒ ▒.▒▒▒▒..▒.▒▒▒▒.▒
...............▒
▒▒.▒▒...▒▒▒...▒▒ ▒
▒...▒ ▒........
.▒▒.▒▒...▒▒▒...▒▒▒▒▒


You could see Terence.


Message History

You hear the slow rusting of a very distant drain.
Terence closely misses you.
You hit Terence.
Your tail-slap misses Terence.
Terence is heavily wounded.
Terence drinks a potion.
Terence is healed!
You hit Terence.
Terence is severely wounded.
Terence hits you with a +0 mace.
* * * LOW HITPOINT WARNING * * *
You barely miss Terence.
Terence is severely wounded.
Terence hits you with a +0 mace.
* * * LOW HITPOINT WARNING * * *
You completely miss Terence. You tail-slap Terence.
Terence is severely wounded.
Terence hits you with a +0 mace.
* * * LOW HITPOINT WARNING * * *
You hit Terence.
Terence is almost dead.
Terence hits you with a +0 mace.
* * * LOW HITPOINT WARNING * * *
Terence hits you with a +0 mace.
* * * LOW HITPOINT WARNING * * *
You hit Terence.
Terence is almost dead.
Terence hits you with a +0 mace!
You die...

Action                   || total
-------------------------++-------
Melee: Falchion          ||    89
       Tailslap          ||    11
 Abil: Rolling Charge    ||     1
 Stab: Sleeping          ||     1
Armor: Leather armour    ||    45
Dodge: Dodged            ||    55

Levels and vault maps discovered:
D:1:      sevenhm_arrival_forest_fort_small_5, layout_rooms,
          minmay_split_cup_small
D:2:      layout_basic, shapermc_ecumenical_altar_flowoftime,
          chequers_serial_rivers_micro_a
D:3:      layout_loops_ring, fedhas_altar_1, mainiacjoe_overflow_alcove_1,
          cheibrodos_sewer_entry_bend, chequers_mini_garden,
          nicolae_concentric_dashed_squares_wild, minmay_misc_feat_tiny,
          grunt_ministairs_3, uniq_jessica, uniq_terence

Notes
Turn   | Place    | Note
-------+----------+-------------------------------------------
     0 | Abyss:1  | sanka the Palentonga Abyssal Knight began the quest for the
                  | Orb.
     0 | Abyss:1  | Reached XP level 1. HP: 19/19 MP: 2/2
    48 | D:1      | Escaped the Abyss
   362 | D:1      | Reached XP level 2. HP: 22/25 MP: 3/3
   537 | D:1      | Reached skill level 3 in Long Blades
   798 | D:2      | Reached ** piety under Lugonu
   953 | D:2      | Reached XP level 3. HP: 14/31 MP: 4/4
  1207 | D:2      | Found a faded altar of an unknown god.
  1421 | D:2      | Reached skill level 4 in Long Blades
  1894 | D:3      | Noticed Terence
  1906 | D:3      | HP: 2/31 [Terence (2)]
  1907 | D:3      | Mangled by Terence

Vanquished Creatures
  An adder (D:2)
  A worm (D:2)
  A dart slug (D:2)
  2 ball pythons (D:1)
  6 bats
  4 endoplasms
  A hobgoblin (D:1)
  4 jackals (D:1)
  3 kobolds
  4 quokkas
  A frilled lizard (D:2)
  2 goblins
  4 rats
34 creatures vanquished.

Vanquished Creatures (others)
  A plant (D:2)
1 creature vanquished.

Grand Total: 35 creatures vanquished
